 Dungeon Crawl Stone Soup version 0.22-a0-772-gac08f70 (webtiles) character file.

9 Amnesiac the Digger (level 2, 16/19 HPs)
             Began as a Demonspawn Earth Elementalist on July 17, 2018.
             Quit the game on level 2 of the Dungeon.
             The game lasted 00:00:29 (154 turns).

Amnesiac the Digger (Demonspawn Earth Elementalist)  Turns: 154, Time: 00:00:30

Health: 16/19      AC:  2    Str:  8    XL:     2   Next: 3%
Magic:  3/5        EV: 12    Int: 16    God:
Gold:   0          SH:  0    Dex: 13    Spells: 4/5 levels left

rFire    . . .     SeeInvis .   a - +0 short sword
rCold    . . .     Gourm    .   (no shield)
rNeg     . . .     Faith    .   c - +0 robe
rPois    .         Spirit   .   (no helmet)
rElec    .         Reflect  .   (no cloak)
rCorr    .         Harm     .   (no gloves)
MR       .....                  (no boots)
Stlth    ++........             (no amulet)
HPRegen  0.06/turn              (no ring)
MPRegen  0.09/turn              (no ring)

@: no status effects
A: hooves 1
a: no special abilities


You were on level 2 of the Dungeon.
You were not hungry.

You visited 1 branch of the dungeon, and saw 2 of its levels.

Inventory:

Hand Weapons
 a - a +0 short sword (weapon)
 b - a +0 dagger
Missiles
 e - 24 stones (quivered)
Armour
 c - a +0 robe (worn)
Comestibles
 d - a ration
 f - a chunk of flesh


   Skills:
 + Level 1.9 Dodging
 - Level 2.0 Stealth
 + Level 2.1 Spellcasting
   Level 0.8 Transmutations
 * Level 2.9 Earth Magic


You had 4 spell levels left.
You knew the following spells:

 Your Spells              Type           Power        Failure   Level  Hunger
a - Sandblast             Erth           ##....       6%          1    #......

Your spell library contained the following spells:

 Spells                   Type           Power        Failure   Level  Hunger
 Stone Arrow              Conj/Erth      #.....       32%         3    ###....
 Passwall                 Tmut/Erth      #.......     14%         2    ###....
 Lee's Rapid Deconstruct  Erth           ##........   86%         5    ######.
 Petrify                  Tmut/Erth      #.......     67%         4    #####..


Dungeon Overview and Level Annotations

Branches:
Dungeon (2/15)

Altars:


Innate Abilities, Weirdness & Mutations

You have large cloven feet.


Message History

No target in view!
No target in view!
No target in view!
You see here a bat corpse.
You butcher the bat corpse.
f - a chunk of flesh An ooze comes into view.
An ooze is nearby!
Found an escape hatch in the floor.
The ooze quivers.
Casting: Sandblast (safe; 7% risk of failure)
Confirm with . or Enter, or press ? or * to list all spells.
Aiming: Sandblast (safe; 7% risk of failure)
Press: ? - help, Shift-Dir - straight line, f - ooze
Aim: an ooze The blast of sand hits the ooze.
The ooze is lightly wounded.
e - 27 stones
Casting: Sandblast (safe; 7% risk of failure)
Confirm with . or Enter, or press ? or * to list all spells.
Aiming: Sandblast (safe; 7% risk of failure)
Press: ? - help, Shift-Dir - straight line, f/p - ooze
Aim: an ooze (lightly wounded)
The blast of sand hits the ooze.
The ooze is almost dead.
e - 26 stones The ooze hits you.
Casting: Sandblast (safe; 7% risk of failure)
Confirm with . or Enter, or press ? or * to list all spells.
Aiming: Sandblast (safe; 7% risk of failure)
Press: ? - help, Shift-Dir - straight line, f/p - ooze
Aim: an ooze (almost dead)
The blast of sand hits the ooze.
You kill the ooze!
e - 25 stones
Found a stone staircase leading down.
There is a stone staircase leading down here.
You start resting.
Magic restored.
You start resting.
Magic restored.
You start resting.
HP restored.
You climb downwards.
A giant cockroach, a hobgoblin and a kobold come into view.
The hobgoblin shouts!
The kobold shouts!
Found a scroll labeled XUG HUC AFYU.
Found a stone staircase leading down and a stone staircase leading up.
There is a stone staircase leading up here.
Casting: Sandblast (safe; 6% risk of failure)
Confirm with . or Enter, or press ? or * to list all spells.
Aiming: Sandblast (safe; 6% risk of failure)
Press: ? - help, Shift-Dir - straight line, f - hobgoblin
Aim: a hobgoblin The blast of sand hits the hobgoblin.
You kill the hobgoblin!
Training target 2.0 for Stealth reached!
Your Stealth skill increases to level 2!
You have reached level 2!
You feel monstrous as your demonic heritage exerts itself.
Your demonic ancestry asserts itself...
Your feet thicken and deform.
e - 24 stones Are you sure you want to abandon this character and quit the game? (Confirm with "yes".)

..
#.......#
#..
.......
#.##.....#
........##
#......<#
#?..K>..#
#..s....#
#..@..#
##†..##
#.### #.
#. .. ..
...


You could see a giant cockroach and a kobold.

Vanquished Creatures
  An ooze (D:1)
  A goblin (D:1)
  A hobgoblin (D:2)
  A bat (D:1)
  A kobold (D:1)
5 creatures vanquished.

Notes
Turn   | Place    | Note
-------+----------+-------------------------------------------
     0 | D:1      | Amnesiac the Demonspawn Earth Elementalist began the quest for the Orb.
     0 | D:1      | Reached XP level 1. HP: 13/13 MP: 3/3
   153 | D:2      | Gained mutation: You have large cloven feet. [demonic ancestry]
   153 | D:2      | Reached XP level 2. HP: 16/19 MP: 3/5
   154 | D:2      | Quit the game

Vault maps used:
D:1:      eino_arrival_water_star, serial_bayou_pond_b, roderic_roman_lattice
D:2:      nicolae_qazlal_eye_of_the_storm, uniq_terence

Skill      XL: |  1 |
---------------+----+-----
Stealth        | 2 |  2.0
Dodging        | |  1.9
Spellcasting   | |  2.1
Transmutations | |  0.8
Earth Magic    | |  2.9

Action                   || total
-------------------------++-------
Melee: Short sword       ||     7
 Cast: Sandblast         ||     6
Dodge: Dodged            ||    12

Table legend:
 A = Spawn XP
 B = Non-spawn XP
 C = Spawn XP percentage of total XP
 D = Spawn monster count
 E = Non-spawn monster count
 F = Spawn count percentage of total count
 G = Total turns spent on level
                    A         B        C        D         E        F      G
               +---------+---------+-------+---------+---------+-------+---------
         Total |       0 |      13 |   0.0 |       0 |       5 |   0.0 |   154
               +---------+---------+-------+---------+---------+-------+---------
           D:1 |       0 |      11 |   0.0 |       0 |       4 |   0.0 |   152
           D:2 |       0 |       2 |   0.0 |       0 |       1 |   0.0 |     2
               +---------+---------+-------+---------+---------+-------+---------
